 Dungeon Crawl Stone Soup version 0.21.1-1-g345015f (webtiles) character file.

258856 aMcNicky the Bludgeoner (level 19, -10/180 HPs)
             Began as a Minotaur Fighter on Mar 17, 2018.
             Was the Champion of Okawaru.
             Killed from afar by a crystal guardian (48 damage)
             ... with a crystal bolt
             ... on level 3 of the Elven Halls.
             The game lasted 03:13:33 (45515 turns).

aMcNicky the Bludgeoner (Minotaur Fighter)         Turns: 45515, Time: 03:13:34

Health: -10/180    AC: 40    Str: 29    XL:     19   Next: 13%
Magic:  23/23      EV: 11    Int:  8    God:    Okawaru [******]
Gold:   1683       SH: 34    Dex: 24    Spells: 18/18 levels left

rFire    . . .     SeeInvis .   x - +5 mace (elec)
rCold    . . .     Gourm    +   s - +18 shield of the Gong {rElec rN+ MR+ EV-5}
rNeg     + . .     Faith    .   n - +7 crystal plate armour of Vovilag {-Cast Regen+ Dex+7}
rPois    +         Spirit   .   m - +0 hat {MR+}
rElec    +         Reflect  .   u - +0 cloak {rPois}
rCorr    .         Harm     .   c - +1 pair of gloves {Dex+3}
MR       +++++     NoCast   +   N - +2 pair of boots {run}
Stlth    ..........             U - amulet of the gourmand
HPRegen  0.80/turn              k - +4 ring of slaying
MPRegen  0.18/turn              L - ring of the Mage {Wiz MR++ Int+3}

@: corroded, quick
A: retaliatory headbutt, horns 2, slimy green scales 1, agile 1, strong 1, wild
magic 1
}: 2/15 runes: decaying, serpentine
a: Heroism, Finesse, Renounce Religion


You were on level 3 of the Elven Halls.
You worshipped Okawaru.
Okawaru was exalted by your worship.
You were completely stuffed.

You visited 7 branches of the dungeon, and saw 35 of its levels.
You visited 1 bazaar.
You also visited: Labyrinth and Sewer.

You collected 3072 gold pieces.
You spent 1389 gold pieces at shops.

Inventory:

Hand Weapons
 a - the +3 dire flail "Transmigrator" {crush, +Fly rN+ Int+3 Dex+2}
   (Okawaru gifted it to you on level 14 of the Dungeon)

   It inflicts extra damage upon your enemies.
   It affects your intelligence (+3).
   It affects your dexterity (+2).
   It protects you from negative energy.
   It lets you fly.
 b - the +7 longbow of Conscience {freeze, +Blink}
   (Okawaru gifted it to you on level 15 of the Dungeon)

   It causes projectiles fired from it to freeze those they strike, causing
   extra injury to most foes and up to half again as much damage against
   particularly susceptible opponents.
   They can also slow down cold-blooded creatures.
   It lets you blink.
 x - a +5 mace of electrocution (weapon)
Missiles
 X - 734 arrows (quivered)
Armour
 c - a +1 pair of gloves of dexterity (worn)
 m - a +0 hat of magic resistance (worn)
 n - the +7 crystal plate armour of Vovilag (worn) {-Cast Regen+ Dex+7}
   (Okawaru gifted it to you on level 1 of the Elven Halls)

   It affects your dexterity (+7).
   It prevents spellcasting.
   It increases your rate of regeneration.
 s - the +18 shield of the Gong (worn) {rElec rN+ MR+ EV-5}
   (You acquired it on level 14 of the Dungeon)

   It affects your evasion (-5).
   It insulates you from electricity.
   It protects you from negative energy.
   It affects your resistance to hostile enchantments.
 u - a +0 cloak of poison resistance (worn)
 E - the +3 plate armour of a wizard's laboratory {rF+ rN+}
   (You found it in a labyrinth)

   It protects you from fire.
   It protects you from negative energy.
 N - a +2 pair of boots of running (worn)
Jewellery
 k - a +4 ring of slaying (left hand)
 L - the ring of the Mage (right hand) {Wiz MR++ Int+3}
   (You bought it in a shop on level 7 of the Dungeon)

   [ring of wizardry]

   It improves your spell success rate.
   It affects your intelligence (+3).
   It affects your resistance to hostile enchantments.
 M - an uncursed ring of resist corrosion
 O - the ring of Robustness {AC+8}
   (You found it on level 11 of the Dungeon)

   [ring of protection]

   It affects your AC (+8).
 Q - an uncursed ring of protection from cold
 R - an uncursed ring of protection from fire
 U - an amulet of the gourmand (around neck)
Wands
 t - a wand of digging (18)
 y - a wand of paralysis (13)
 P - a wand of flame (27)
 T - a wand of iceblast (41)
 Y - a wand of polymorph (38)
 Z - a wand of enslavement (27)
Scrolls
 d - 19 scrolls of remove curse {@r2}
 g - 4 scrolls of immolation
 j - 12 scrolls of amnesia
 o - 8 scrolls of teleportation
 p - a scroll of magic mapping
 A - 5 scrolls of enchant armour
 F - 2 scrolls of fog
 G - 6 scrolls of enchant weapon
 H - 5 scrolls of identify {@r1}
 I - 5 scrolls of blinking
 V - 3 scrolls of fear
 W - 2 scrolls of holy word
Potions
 e - 15 potions of curing {@q1}
 h - 11 potions of brilliance
 i - 3 potions of resistance
 l - 2 potions of might
 q - 4 potions of flight
 r - 7 potions of heal wounds
 v - 2 potions of cancellation
 w - 3 potions of lignification
 z - 2 potions of haste
 B - a potion of berserk rage
 C - 2 potions of ambrosia
 J - 9 potions of agility
 K - 2 potions of invisibility
 S - 3 potions of magic
Comestibles
 f - 38 rations
 D - 4 chunks of flesh


   Skills:
 + Level 18.5 Fighting
 - Level 20.4 Maces & Flails
 - Level 5.0 Bows
 + Level 19.9 Armour
 - Level 12.8 Dodging
 * Level 14.7 Shields
 - Level 7.0 Invocations
 - Level 1.6 Evocations


You had 18 spell levels left.
You didn't know any spells.

Dungeon Overview and Level Annotations

Branches:
Dungeon (15/15)            Temple (1/1) D:5            Lair (6/6) D:11
  Swamp (4/4) Lair:4        Snake (4/4) Lair:3        Slime (0/5) Lair:5
    Orc (2/2) D:10            Elf (3/3) Orc:2        Vaults (0/5) D:14
 Depths (0/5) D:15

Altars:
Ashenzari
Cheibriados
Dithmenos
Elyvilon
Fedhas
Gozag
Hepliaklqana
Kikubaaqudgha
Makhleb
Nemelex Xobeh
Okawaru
Qazlal
Ru
Sif Muna
Trog
Uskayaw
Vehumet
Wu Jian
Xom
Yredelemnul
Zin
The Shining One
Jiyva

Shops:
D:5 *   D:7 =   D:10 (   D:12 (%?   Orc:2 =([*   Elf:2 }}=   Elf:3 [
Snake:1 [(   Snake:2 *![

Annotations:
D:2 exclusion: oklob plant
D:6 exclusion: oklob plant


Innate Abilities, Weirdness & Mutations

You reflexively headbutt those who attack you in melee.
You have a pair of horns on your head.
You are partially covered in slimy green scales. (AC +2)
You are agile. (Dex +2)
Your muscles are strong. (Str +2)
Your spells are a little harder to cast, but a little more powerful.


Message History

The deep elf annihilator casts a spell at you.
The bolt of lightning hits you! You resist.
* * * LOW HITPOINT WARNING * * *
The deep elf sorcerer's eyes start to glow.
The deep elf sorcerer gestures at you while chanting.
The bolt of acid hits you!
* * * LOW HITPOINT WARNING * * *
The acid corrodes you!
You are splashed with acid!
The acid burns!
* * * LOW HITPOINT WARNING * * *
You feel much better.
The deep elf elementalist casts a spell at you.
Some walls begin to move on their own!
The deep elf sorcerer barely misses you.
You furiously retaliate!
You headbutt the deep elf sorcerer!
You block the deep elf annihilator's attack.
GONNNNG!
The crystal guardian fires a crystalline bolt at you.
The crystal bolt burns the earth elemental.
The earth elemental completely resists.
The crystal bolt burns you!
You die... ##e ##e. #... .ee

#.############
#.e2...#.....#
#..8ee.#.....#
#..)ee.#.....#
###8E@.'.....# #.
##E..#.....# #.
##..#.....# #.
#.)#.....# #.
#..#.....##### #.
#..#.....'...# #.
#.(##...###..####.
#..###.## #.......
#..# #+####..#####


You could see a cacodemon, 2 deep elf annihilators, 2 crystal guardians, 2 deep
elf sorcerers, a deep elf elementalist, a deep elf demonologist, a deep elf high
priest and 2 earth elementals.

Vanquished Creatures
  Nikola (Swamp:1)
  Jorgrun (Swamp:4)
  Rupert (Orc:2)
  Gastronok (D:9)
  Frances (Lair:4)
  2 thorn hunters (Swamp:4)
  11 nagarajas
  Roxanne (Swamp:4)
  An orc warlord (Orc:2)
  Louise (Swamp:4)
  Aizul (Snake:3)
  A deep elf elementalist (Elf:3)
  A very ugly thing (Swamp:3)
  A dire elephant (D:15)
  2 deep elf demonologists
  Azrael (D:12)
  Nessos (D:14)
  5 deep elf annihilators
  2 deep elf death magi
  A minotaur (Lab)
  Fannar (Lair:1)
  The ghost of Mirai the Geomancer, a journeyman GrEE of Vehumet (Lair:3)
  A fire dragon (D:14)
  A ghost crab (Swamp:1)
  13 hydras
  19 naga warriors
  2 ice dragons (Swamp:4)
  2 catoblepae
  7 anacondas
  3 centaur warriors
  2 tengu warriors (D:13)
  26 dancing weapons
  6 alligators
  Urug (Lair:3)
  6 two-headed ogres
  6 death yaks
  The ghost of kaesh the Blocker, a novice FoFi of Cheibriados (D:7)
  12 naga sharpshooters
  6 orc high priests
  4 shock serpents
  16 deep elf knights
  6 spriggans
  4 salamander mystics
  10 naga ritualists
  3 swamp dragons
  A spriggan druid (Swamp:3)
  An unseen horror (D:15)
  A sea snake (Lair:6)
  A shambling mangrove (Swamp:3)
  8 deep elf archers
  7 orc knights
  15 mana vipers
  A wolf spider (D:14)
  5 ugly things
  7 cyclopes
  2 orc sorcerers
  6 manticores
  39 deep elf magi
  8 salamanders
  An elephant (Lair:6)
  Maurice (D:12)
  5 guardian serpents
  24 naga magi
  29 black mambas
  6 centaur skeletons
  2 rime drakes (Lair:5)
  16 spiny frogs
  A yaktaur (D:14)
  3 kobold demonologists
  The ghost of Agrougrou the Skirmisher, an amateur OgSk (D:4)
  5 komodo dragons
  5 freezing wraiths
  9 trolls
  A tengu conjurer (D:14)
  2 polar bears
  3 meliai (Lair:5)
  4 tyrant leeches
  8 hornets
  26 slime creatures
  A queen bee (Lair:5)
  11 dream sheep
  2 bog bodies
  11 blink frogs
  13 hippogriffs
  8 air elementals
  A shadow (Swamp:2)
  4 wyverns
  2 wraiths
  2 water elementals
  8 fire elementals
  28 yaks
  3 basilisks
  15 humans (D:14)
  A fire bat (shapeshifter) (Elf:2)
  3 steam dragons
  2 hungry ghosts
  4 swamp worm simulacra (Swamp:4)
  Grum (D:9)
  20 vampire mosquitoes
  6 wargs (Orc:2)
  An acid dragon (D:14)
  25 swamp worms
  14 insubstantial wisps
  62 nagas
  14 hydra simulacra (Swamp:4)
  5 hell hounds (D:12)
  A soldier ant (D:14)
  6 porcupines
  9 water moccasins
  13 swamp drakes
  2 black bears (D:11)
  29 orc warriors
  3 phantoms
  2 sky beasts
  3 ice beasts
  3 boggarts (D:14)
  A necrophage (D:14)
  9 ogres
  8 wolves
  6 eyes of draining
  4 centaurs
  7 crocodiles
  6 big kobolds
  8 earth elementals
  18 bullfrogs
  A wyvern skeleton (D:12)
  2 scorpions
  20 killer bees
  A killer bee (shapeshifter) (Elf:1)
  7 wights
  3 howler monkeys
  6 crimson imps
  4 centaur zombies
  A quasit (D:11)
  A bullfrog zombie (D:13)
  17 orc priests
  12 hounds
  3 jellies
  33 orc wizards
  2 bullfrog skeletons
  2 iguanas
  9 worker ants
  2 hound zombies
  3 worker ant zombies
  2 howler monkey zombies
  7 gnolls
  15 adders
  5 river rats (Sewer)
  3 shadow imps
  2 oozes
  4 swamp drake simulacra (Swamp:4)
  4 adder skeletons
  5 worms
  A dart slug (D:3)
  4 leopard geckos
  92 orcs
  A bat (D:2)
  7 giant cockroaches
  9 goblins
  6 hobgoblins
  15 jackals
  24 kobolds
  5 quokkas
  6 ball pythons
  6 frilled lizards
  A jackal skeleton (D:5)
  3 quokka skeletons
  A quokka zombie (D:5)
  32 rats
  3 crawling corpses (Elf:1)
1247 creatures vanquished.

Vanquished Creatures (others)
  An azure jelly (Swamp:4)
  A dancing weapon (Elf:2)
  2 unseen horrors
  A naga mage (Snake:4)
  2 hornets (Swamp:3)
  3 slime creatures
  A tyrant leech (Swamp:1)
  A human (D:14)
  4 vampire mosquitoes
  A swamp drake (Swamp:1)
  An orc (D:14)
  16 fungi
  3 plants
37 creatures vanquished.

Grand Total: 1284 creatures vanquished

Notes
Turn   | Place    | Note
-------+----------+-------------------------------------------
     0 | D:1      | aMcNicky the Minotaur Fighter began the quest for the Orb.
     0 | D:1      | Reached XP level 1. HP: 19/19 MP: 0/0
    93 | D:1      | Reached XP level 2. HP: 27/27 MP: 1/1
   100 | D:1      | Reached skill level 3 in Maces & Flails
   571 | D:2      | Reached XP level 3. HP: 27/33 MP: 2/2
   743 | D:2      | Reached skill level 4 in Maces & Flails
   763 | D:2      | Found a blossoming altar of Fedhas.
   773 | D:2      | Reached XP level 4. HP: 38/41 MP: 3/3
   813 | D:2      | Noticed an oklob plant
  1053 | D:2      | Found an opulent altar of Gozag.
  1865 | D:3      | Found a glowing drain.
  1872 | Sewer    | Entered a sewer
  2075 | Sewer    | Reached XP level 5. HP: 36/47 MP: 4/4
  2178 | Sewer    | Reached skill level 5 in Maces & Flails
  2266 | Sewer    | Reached skill level 5 in Fighting
  2376 | Sewer    | Reached skill level 5 in Armour
  2376 | Sewer    | Reached XP level 6. HP: 41/56 MP: 5/5
  2541 | Sewer    | Reached skill level 6 in Maces & Flails
  3658 | D:4      | Reached XP level 7. HP: 56/62 MP: 6/6
  3747 | D:4      | Reached skill level 7 in Maces & Flails
  3842 | D:4      | Noticed Agrougrou's ghost (amateur OgSk)
  3876 | D:4      | Killed Agrougrou's ghost
  4154 | D:4      | Reached skill level 8 in Maces & Flails
  4274 | D:4      | Reached XP level 8. HP: 71/71 MP: 7/7
  4688 | D:5      | Entered Level 5 of the Dungeon
  4725 | D:5      | Found a stormy altar of Qazlal.
  5067 | D:5      | Reached skill level 9 in Maces & Flails
  5437 | D:5      | Found a staircase to the Ecumenical Temple.
  5467 | Temple   | Entered the Ecumenical Temple
  5527 | Temple   | Became a worshipper of Warmaster Okawaru
  5657 | D:5      | Found a snail-covered altar of Cheibriados.
  5662 | D:5      | Found a burning altar of Makhleb.
  5677 | D:5      | Found a deep blue altar of Sif Muna.
  5799 | D:5      | Found Jophuq's General Store.
  6000 | D:6      | Noticed a hippogriff
  6008 | D:5      | Killed a hippogriff
  6124 | D:5      | Reached skill level 10 in Maces & Flails
  6376 | D:6      | Reached * piety under Okawaru
  6414 | D:6      | Reached XP level 9. HP: 76/81 MP: 8/8
  6476 | D:6      | Found a stormy altar of Qazlal.
  6476 | D:6      | Noticed an oklob plant
  6556 | D:6      | Reached skill level 1 in Invocations
  6746 | D:6      | Found a bloodstained altar of Trog.
  7502 | D:7      | Found a radiant altar of Vehumet.
  7515 | D:7      | Found Leplanoe's Jewellery Boutique.
  7545 | D:7      | Found a sparkling altar of Nemelex Xobeh.
  7653 | D:7      | Reached skill level 11 in Maces & Flails
  7829 | D:7      | Reached ** piety under Okawaru
  8032 | D:7      | Got a pitted ring mail
  8044 | D:7      | Identified the +5 ring mail "Haseik" {rF- rN+++ Str+4} (You found it on level 7 of the Dungeon)
  8120 | D:7      | Found a shimmering altar of Xom.
  9323 | D:9      | Noticed a two-headed ogre
  9328 | D:9      | Killed a two-headed ogre
  9328 | D:9      | Reached skill level 5 in Shields
  9328 | D:9      | Reached XP level 10. HP: 91/91 MP: 8/11
  9556 | D:9      | Found a glowing silver altar of Zin.
  9604 | D:9      | Reached skill level 12 in Maces & Flails
  9609 | D:9      | Noticed Grum
  9618 | D:9      | Reached *** piety under Okawaru
  9624 | D:9      | Killed Grum
  9775 | D:9      | Noticed a deep elf mage
  9788 | D:9      | Killed a deep elf mage
 10252 | D:9      | Noticed Gastronok
 10277 | D:9      | Killed Gastronok
 10277 | D:9      | Reached **** piety under Okawaru
 10277 | D:9      | Received a gift from Okawaru
 10307 | D:9      | Reached ***** piety under Okawaru
 10307 | D:9      | Reached XP level 11. HP: 53/99 MP: 13/13
 10365 | D:9      | Reached skill level 13 in Maces & Flails
 10365 | D:9      | Reached skill level 5 in Invocations
 10488 | D:9      | Found a white marble altar of Elyvilon.
 10609 | D:10     | Entered Level 10 of the Dungeon
 10709 | D:10     | Reached skill level 10 in Armour
 10847 | D:10     | Reached skill level 10 in Fighting
 11046 | D:10     | Found a staircase to the Orcish Mines.
 11571 | D:10     | Found Kiybrih's Weapon Boutique.
 11817 | D:11     | Found a stormy altar of Qazlal.
 11831 | D:11     | Found the ring of Robustness {AC+8}
 11946 | D:11     | You fall through a shaft for 2 floors!
 11975 | D:13     | You fall through a shaft for 2 floors!
 11975 | D:15     | Entered Level 15 of the Dungeon
 11975 | D:15     | Noticed a centaur warrior
 11975 | D:15     | Noticed a deep elf knight
 11975 | D:15     | Noticed a deep elf mage
 11975 | D:15     | Noticed a purple ugly thing
 11975 | D:15     | Noticed a purple ugly thing
 11975 | D:15     | Noticed a purple ugly thing
 12005 | D:15     | Noticed an orc knight
 12011 | D:14     | Noticed Nessos
 12025 | D:14     | Killed an unseen horror
 12036 | D:14     | Killed Nessos
 12043 | D:14     | Received a gift from Okawaru
 12054 | D:14     | Got an encrusted dire flail {god gift}
 12152 | D:14     | Noticed a two-headed ogre
 12157 | D:14     | Killed a two-headed ogre
 12157 | D:14     | Reached skill level 14 in Maces & Flails
 12292 | D:14     | Identified the +3 dire flail "Transmigrator" {crush, +Fly rN+ Int+3 Dex+2} (Okawaru gifted it to you on level 14 of the Dungeon)
 12312 | D:14     | Noticed a deep elf archer
 12375 | D:14     | Killed a deep elf archer
 12527 | D:14     | Noticed a fire dragon
 12536 | D:14     | Killed a fire dragon
 12536 | D:14     | Received a gift from Okawaru
 12536 | D:14     | Reached XP level 12. HP: 100/108 MP: 15/15
 12736 | D:14     | Found a gate to the Vaults.
 12787 | D:12     | Noticed Maurice
 12818 | D:12     | Killed Maurice
 12845 | D:12     | Noticed a two-headed ogre
 12874 | D:12     | Killed a two-headed ogre
 12986 | D:12     | Noticed Azrael
 12994 | D:12     | Reached skill level 15 in Maces & Flails
 13009 | D:12     | Killed Azrael
 13009 | D:12     | Reached skill level 1 in Dodging
 13017 | D:12     | Found Tyusomag's Magic Scroll Shop.
 13148 | D:11     | Noticed a two-headed ogre
 13160 | D:11     | Killed a two-headed ogre
 13561 | D:11     | Found a staircase to the Lair.
 13855 | Lair:1   | Entered Level 1 of the Lair of Beasts
 13889 | Lair:1   | Received a gift from Okawaru
 13937 | Lair:1   | Found a labyrinth entrance.
 13941 | Lair:1   | Noticed a five-headed hydra
 13951 | Lair:1   | Killed a five-headed hydra
 13958 | Lab      | Entered a labyrinth
 14619 | Lab      | Noticed a minotaur
 14627 | Lab      | Killed a minotaur
 14627 | Lab      | Reached XP level 13. HP: 97/117 MP: 14/17
 14638 | Lab      | Got a black opal-encrusted plate armour
 14649 | Lab      | Identified the +3 plate armour of a wizard's laboratory {rF+ rN+} (You found it in a labyrinth)
 14823 | Lair:1   | Noticed Fannar
 14845 | Lair:1   | Killed Fannar
 15043 | Lair:1   | Reached skill level 16 in Maces & Flails
 15644 | Lair:2   | Received a gift from Okawaru
 16266 | Lair:3   | Noticed Urug
 16281 | Lair:3   | Killed Urug
 16618 | Lair:3   | Reached skill level 5 in Dodging
 16654 | Lair:3   | Found a staircase to the Snake Pit.
 16753 | Lair:3   | Reached ****** piety under Okawaru
 17247 | Lair:3   | Noticed Mirai's ghost (journeyman GrEE)
 17256 | Lair:3   | Killed Mirai's ghost
 17422 | Lair:4   | Found a staircase to the Swamp.
 18674 | Lair:5   | Received a gift from Okawaru
 19033 | Lair:5   | Reached skill level 17 in Maces & Flails
 19138 | Lair:5   | Reached XP level 14. HP: 112/127 MP: 18/18
 19194 | Lair:5   | Found a staircase to the Slime Pits.
 19198 | Lair:5   | Found a viscous altar of Jiyva.
 19605 | Lair:6   | Entered Level 6 of the Lair of Beasts
 20437 | D:7      | Noticed kaesh's ghost (novice FoFi)
 20447 | D:7      | Killed kaesh's ghost
 20642 | Orc:1    | Entered Level 1 of the Orcish Mines
 20928 | D:7      | Bought the ring of the Mage {Wiz MR++ Int+3} for 775 gold pieces
 20928 | D:7      | Found the ring of the Mage {Wiz MR++ Int+3}
 21172 | Orc:1    | Reached skill level 15 in Armour
 21544 | Orc:2    | Entered Level 2 of the Orcish Mines
 21544 | Orc:2    | Found Zebluf Unwes's Antique Weapon Shoppe.
 21895 | Orc:2    | Received a gift from Okawaru
 22119 | Orc:2    | Found Loyvog's General Store.
 22172 | Orc:2    | Found a staircase to the Elven Halls.
 22179 | Orc:2    | Noticed Rupert
 22421 | Orc:2    | Noticed an orc warlord
 22434 | Orc:2    | Killed an orc warlord
 22434 | Orc:2    | Reached skill level 18 in Maces & Flails
 22594 | Orc:2    | Killed Rupert
 22679 | Orc:2    | Found Yvew's Jewellery Boutique.
 22715 | Orc:2    | Bought a potion of agility for 52 gold pieces
 22830 | Orc:2    | Found Xot Woum's Antique Armour Shop.
 22855 | Orc:2    | Bought a glowing cloak for 187 gold pieces
 23196 | Snake:1  | Entered Level 1 of the Snake Pit
 23272 | Snake:1  | Found Yfav's Antique Armour Emporium.
 23309 | Snake:1  | Bought a glowing scarf for 256 gold pieces
 23447 | Snake:1  | Reached XP level 15. HP: 83/137 MP: 19/19
 23850 | Snake:1  | Reached skill level 1 in Bows
 24204 | Snake:1  | Found Ocicihud's Weapon Emporium.
 24206 | Snake:1  | Found a stormy altar of Qazlal.
 24284 | Snake:1  | Received a gift from Okawaru
 24298 | Snake:1  | Identified a +2 pair of boots of running (Okawaru gifted it to you on level 1 of the Snake Pit)
 25108 | Snake:2  | Found Jaewu's General Store.
 25111 | Snake:2  | Found Lecwatec's Distillery.
 25113 | Snake:2  | Found Quydari's Armour Shop.
 25490 | Snake:2  | Identified the Compendium of the Traveller and Contamination
 25842 | Snake:3  | Noticed Aizul
 25864 | Snake:3  | Killed Aizul
 26289 | Snake:3  | Noticed a nagaraja
 26298 | Snake:3  | Killed a nagaraja
 26795 | Snake:4  | Entered Level 4 of the Snake Pit
 27317 | Snake:3  | Received a gift from Okawaru
 27447 | Snake:4  | Noticed a nagaraja
 27455 | Snake:4  | Killed a nagaraja
 27713 | Snake:4  | Reached skill level 5 in Bows
 28002 | Snake:4  | Reached skill level 19 in Maces & Flails
 28096 | Snake:4  | Noticed a nagaraja
 28144 | Snake:4  | Killed a nagaraja
 28144 | Snake:4  | Reached skill level 10 in Dodging
 28253 | Snake:4  | Reached XP level 16. HP: 97/147 MP: 12/20
 28618 | Snake:4  | Reached skill level 15 in Fighting
 29357 | Snake:4  | Received a gift from Okawaru
 29391 | Snake:4  | Received a gift from Okawaru
 30274 | Snake:4  | Received a gift from Okawaru
 31656 | Snake:4  | Got a serpentine rune of Zot
 32298 | Snake:1  | Reached XP level 17. HP: 118/158 MP: 21/21
 32541 | D:12     | Gained mutation: You are occasionally teleported next to monsters. [a neqoxec]
 32892 | D:12     | Found Innasena's Food Emporium.
 32895 | D:12     | Found Faarey's Weapon Shop.
 33007 | D:12     | Reached skill level 20 in Maces & Flails
 33476 | D:13     | Received a gift from Okawaru
 34100 | D:14     | Identified 2 scrolls of acquirement
 34101 | D:14     | Found the +18 shield of the Gong {rElec rN+ MR+ EV-5}
 35066 | D:15     | Received a gift from Okawaru
 35488 | D:15     | Received a gift from Okawaru
 35511 | D:15     | Got a shimmering longbow {god gift}
 35512 | D:15     | Identified the +7 longbow of Conscience {freeze, +Blink} (Okawaru gifted it to you on level 15 of the Dungeon)
 35925 | D:15     | Found a staircase to the Depths.
 36302 | Swamp:1  | Entered Level 1 of the Swamp
 36364 | Swamp:1  | Noticed Nikola
 36364 | Swamp:1  | Noticed Frances
 36870 | D:13     | Lost mutation: You are occasionally teleported next to monsters. [potion of mutation]
 36870 | D:13     | Gained mutation: You are agile. (Dex +2) [potion of mutation]
 36870 | D:13     | Gained mutation: Your muscles are strong. (Str +2) [potion of mutation]
 36870 | D:13     | Gained mutation: You are partially covered in slimy green scales. (AC +2) [potion of mutation]
 36870 | D:13     | Gained mutation: Your spells are a little harder to cast, but a little more powerful. [potion of mutation]
 37009 | Swamp:1  | Reached skill level 1 in Evocations
 37069 | Lair:4   | Killed Frances
 37088 | Swamp:1  | Killed Nikola
 38817 | Swamp:3  | Received a gift from Okawaru
 38855 | Swamp:3  | Reached skill level 10 in Shields
 39411 | Swamp:3  | Reached XP level 18. HP: 170/170 MP: 22/22
 39871 | Swamp:4  | Entered Level 4 of the Swamp
 39902 | Swamp:4  | Noticed Louise
 39944 | Swamp:4  | Killed Louise
 39946 | Swamp:4  | Noticed Jorgrun
 39978 | Swamp:4  | Killed Jorgrun
 40955 | Swamp:4  | Noticed Roxanne
 40983 | Swamp:4  | Killed Roxanne
 40989 | Swamp:4  | Identified Roxanne's Grimoire of Stones (You took it off Roxanne on level 4 of the Swamp)
 41877 | Swamp:4  | Got a decaying rune of Zot
 42323 | Elf:1    | Entered Level 1 of the Elven Halls
 42433 | Elf:1    | Received a gift from Okawaru
 42442 | Elf:1    | Got a crude crystal plate armour {god gift}
 42453 | Elf:1    | Identified the +7 crystal plate armour of Vovilag {-Cast Regen+ Dex+7} (Okawaru gifted it to you on level 1 of the Elven Halls)
 42470 | Elf:1    | Noticed an Ice Fiend
 43767 | Elf:2    | Received a gift from Okawaru
 43818 | Elf:2    | Found Fusosufi's Jewellery Shoppe.
 43818 | Elf:2    | Found Voudgh's Gadget Boutique.
 43819 | Elf:2    | Found Iffeax's Gadget Boutique.
 43842 | Elf:2    | Found a runed gate.
 43843 | Elf:2    | Found a runed gate.
 43844 | Elf:2    | Found a runed gate.
 43947 | Elf:2    | Found a flickering gateway to a bazaar.
 43964 | Bazaar   | Entered a bazaar
 44005 | Bazaar   | Found Leezip's Gadget Shoppe.
 44016 | Bazaar   | Found Jeipt's Food Emporium.
 44073 | Bazaar   | Found Lufaj's Food Emporium.
 44104 | Bazaar   | Found Keryanez's Armour Emporium.
 44125 | Bazaar   | Found Ecsihaat's Assorted Antiques.
 44186 | Bazaar   | Bought a scroll of magic mapping for 119 gold pieces
 44763 | Elf:2    | Reached XP level 19. HP: 180/180 MP: 21/23
 45082 | Elf:3    | Entered Level 3 of the Elven Halls
 45266 | Elf:3    | Found Soke's Antique Armour Boutique.
 45515 | Elf:3    | Killed from afar by a crystal guardian

Skill      XL: |  1  2  3  4  5  6  7  8  9 10 11 12 13 14 15 16 17 18 |
---------------+-------------------------------------------------------+-----
Maces & Flails | 3 4 5 6 8 10 11 12 14 15 17 18 19 20 | 20.4
Fighting       | 4 5 6 7 9 10 11 12 13 14 16 17 18 | 18.5
Armour         | 4 5 6 7 9 11 12 14 15 16 17 18 19 | 19.9
Invocations    | 3 4 6 7 |  7.0
Shields        | 5 6 8 9 10 14 | 14.7
Dodging        | 3 6 8 10 11 12 | 12.8
Bows           | 5 |  5.0
Evocations     | 1 |  1.6

Action                   |  1- 3 |  4- 6 |  7- 9 | 10-12 | 13-15 | 16-18 | 19-21 || total
-------------------------+-------+-------+-------+-------+-------+-------+-------++-------
Melee: Flail             |    54 |   236 |   285 |   184 |       |       |       ||   759
       Headbutt          |     3 |    33 |    72 |   134 |   314 |   663 |    22 ||  1241
       Morningstar       |       |       |   104 |   139 |       |       |       ||   243
       Dire flail        |       |       |       |   265 |  1248 |   917 |       ||  2430
       Mace              |       |       |       |       |       |  1069 |    73 ||  1142
 Fire: Longbow           |       |       |       |       |       |     8 |       ||     8
Invok: Heroism           |       |       |     1 |     8 |     7 |    10 |       ||    26
       Finesse           |       |       |       |     3 |     5 |    10 |       ||    18
 Abil: Evoke Flight      |       |       |       |     1 |       |       |       ||     1
       Evoke Blink       |       |       |       |       |       |     4 |       ||     4
Evoke: Wand              |       |       |       |       |       |     1 |       ||     1
  Use: Potion            |     1 |       |     1 |     5 |     3 |    13 |     1 ||    24
       Scroll            |       |     2 |     7 |     5 |    15 |    15 |       ||    44
 Stab: Invisible         |       |       |       |     4 |       |       |       ||     4
       Confused          |       |       |       |     2 |       |     2 |       ||     4
       Distracted        |       |       |       |       |       |     2 |       ||     2
  Eat: Chunk             |       |     6 |    10 |    14 |    11 |    49 |     7 ||    97
       Ration            |       |     1 |     3 |     1 |    10 |     2 |       ||    17
Armor: Scale mail        |    21 |    88 |    44 |       |       |       |       ||   153
       Plate armour      |       |       |    96 |   283 |   637 |   674 |       ||  1690
       Ring mail         |       |       |    23 |    55 |       |       |       ||    78
       Skin              |       |       |       |     8 |       |       |       ||     8
       Crystal plate arm |       |       |       |       |       |    58 |     9 ||    67
Dodge: Dodged            |    17 |    64 |    59 |   140 |   520 |   641 |     3 ||  1444
Block: Shield            |    12 |   124 |   173 |   180 |       |  1156 |    62 ||  1707
